 Dungeon Crawl Stone Soup version 0.17-a0-1636-g3119f2b (webtiles) character file.

112 karlkraus the Insei (level 4, -2/31 HPs)
             Began as an Octopode Monk on Aug 5, 2015.
             Was an Initiate of Ru.
             Slain by a hobgoblin
             ... wielding a +0 club
              (5 damage)
             ... on level 3 of the Dungeon.
             The game lasted 00:03:47 (1818 turns).

karlkraus the Insei (Octopode Monk)                 Turns: 1818, Time: 00:03:47

Health: -2/31      AC:  1    Str: 11    XL:     4   Next: 95%
Magic:  4/4        EV: 13    Int: 12    God:    Ru [......]
Gold:   147        SH:  0    Dex: 14    Spells: 0 memorised, 3 levels left

rFire  . . .     SeeInvis .       - Unarmed
rCold  . . .     Clarity  +     (no shield)
rNeg   . . .     SustAt   .     (helmet restricted)
rPois  .         Gourm    .     h - amulet of clarity
rElec  .         Spirit   .     e - ring of flight
rCorr  .         Warding  .     (no ring)
rMut   .         Stasis   .     (no ring)
MR     .....                    (no ring)
Stlth  ++++......               (no ring)
                                (no ring)
                                (no ring)
                                (no ring)

@: not resistant to hostile enchantments, stealthy
A: almost no armour, amphibious, 8 rings, constrict 8, camouflage 1, gelatinous
body 1
a: Renounce Religion, Evoke Flight


You were on level 3 of the Dungeon.
You worshipped Ru.
Ru was noncommittal.
You were hungry.

You visited 1 branch of the dungeon, and saw 3 of its levels.

You collected 147 gold pieces.

Inventory:

Jewellery
 e - a ring of flight (left tentacle)
 h - an amulet of clarity (around mantle)
Scrolls
 c - 2 scrolls of fog {unknown}
 f - 6 scrolls of identify {unknown}
 g - 2 scrolls of remove curse {unknown}
 i - 3 scrolls of noise {unknown}
 n - a scroll of fear {unknown}
 p - a scroll of recharging {unknown}
Potions
 b - 2 potions of curing {unknown}
 j - a potion of invisibility {unknown}
 k - a potion of heal wounds {unknown}
 l - a potion of poison {unknown}
 m - a potion of agility {unknown}
Comestibles
 a - 2 bread rations
 d - a slice of pizza
 o - a beef jerky


   Skills:
 + Level 3.3 Fighting
 + Level 3.7 Dodging
 + Level 3.9 Stealth
 + Level 5.0 Unarmed Combat


You had 3 spell levels left.
You didn't know any spells.

Dungeon Overview and Level Annotations

Branches:
Dungeon (3/15)

Altars:
Ru
Yredelemnul


Innate Abilities, Weirdness & Mutations

You cannot wear most types of armour.
You are amphibious.
You can wear up to eight rings at the same time.
You can use your tentacles to constrict eight enemies at once.
Your skin changes colour to match your surroundings (Stealth).
Your rubbery body absorbs attacks (AC +1).


Message History

Things that are here:
a dagger; a spear; a kobold corpse The gnoll closely misses you.
Found a blackened sapphire ring.
You tentacle-slap the gnoll. Your grab misses the gnoll.
Your squeeze misses the gnoll.
The gnoll is lightly wounded.
You tentacle-slap the gnoll. Your grab misses the gnoll. You squeeze the gnoll.
The gnoll is severely wounded.
The gnoll hits you with a whip of freezing!
* * * LOW HITPOINT WARNING * * *
The gnoll freezes you.
* * * LOW HITPOINT WARNING * * *
The gnoll closely misses you.
You tentacle-slap the gnoll.
You kill the gnoll!
Your Unarmed Combat skill increases to level 5!
The gnoll hits you but does no damage. The hobgoblin hits you with a club.
You die...

#.# #..##...# #. #.#
#..##.#.##
#=##.#####..#...#>#
..#.#........#..#..
#.#)#.###..#....##.#
##.#)#.# #.....#.#
.# ##......#
##.)..#.# #
##...g...#######.#.#
#....g@....#####.#.#
#........#.#..<..#
#.#..$...#.#.#####
#.......#.# #
......###.# #..###
.# #.. .# #.


You could see a gnoll and a hobgoblin.

Vanquished Creatures
  2 adders (D:2)
  3 gnolls (D:3)
  An ooze (D:1)
  6 giant cockroaches
  2 goblins
  8 hobgoblins
  4 jackals (D:2)
  5 kobolds
  A ball python (D:2)
  9 bats
  4 giant geckos
  5 giant newts
  6 rats
56 creatures vanquished.

Notes
Turn   | Place    | Note
--------------------------------------------------------------
     0 | D:1      | karlkraus the Octopode Monk began the quest for the Orb.
     0 | D:1      | Reached XP level 1. HP: 16/16 MP: 1/1
   194 | D:1      | Reached XP level 2. HP: 21/21 MP: 2/2
   659 | D:1      | You fall through a shaft!
   664 | D:2      | Reached XP level 3. HP: 23/26 MP: 3/3
   712 | D:2      | Found a sacrificial altar of Ru.
   732 | D:2      | Became a worshipper of Ru the Awakened
  1169 | D:2      | Reached XP level 4. HP: 26/31 MP: 4/4
  1597 | D:2      | Found a basalt altar of Yredelemnul.
  1817 | D:3      | Reached skill level 5 in Unarmed Combat
  1818 | D:3      | Slain by a hobgoblin

Vault maps used:
D:1:      minmay_arrival_four_loops
D:2:      lemuel_round_altar, nicolae_overflow_hidden_temple

Action                   |  1- 3 |  4- 6 || total
-------------------------+-------+-------++-------
Melee: Unarmed           |    70 |    49 ||   119
Invok: Reject Sacrifices |     1 |       ||     1
 Stab: Sleeping          |    12 |       ||    12
       Distracted        |       |     1 ||     1
  Eat: Chunk             |       |     2 ||     2
